 Dungeon Crawl Stone Soup version 0.30-a0-578-gdee14c521f (webtiles) character file.

Game seed: 4096712167808373037

107 Anon1729 the Ducker (level 4, -7/37 HPs)
             Began as a Merfolk Monk on Dec 31, 2022.
             Killed from afar by Natasha (20 damage)
             ... with a bolt of light
             ... on level 2 of the Dungeon.
             The game lasted 00:02:16 (1958 turns).

Anon1729 the Ducker (Merfolk Monk)                  Turns: 1958, Time: 00:02:17

Health: -7/37      AC:  2    Str: 11    XL:     4   Next: 86%
Magic:  4/4        EV: 14    Int:  9    God:
Gold:   81         SH:  0    Dex: 18    Spells: 3/3 levels left

rFire   . . .      SeeInvis .    a - +0 spear
rCold   . . .      Faith    .    (no shield)
rNeg    . . .      Spirit   .    b - +0 robe
rPois   .          Reflect  .    (no helmet)
rElec   .          Harm     .    (no cloak)
rCorr   .          Rampage  .    (no gloves)
Will    .....                    (no boots)
Stlth   +                        j - amulet of magic regeneration
HPRegen 0.26/turn                (no ring)
MPRegen 0.49/turn                (no ring)

@: confused
A: (nimble swimmer 2), mertail
a: no special abilities


You were on level 2 of the Dungeon.
You visited 1 branch of the dungeon, and saw 2 of its levels.

You collected 81 gold pieces.

Inventory:

Hand Weapons
 a - a +0 spear (weapon)
Armour
 b - a +0 robe (worn)
Jewellery
 j - an amulet of magic regeneration (around neck)
Scrolls
 c - a scroll of identify {unknown}
 e - 2 scrolls of fog {unknown}
 g - a scroll of summoning {unknown}
 l - 2 scrolls of immolation {unknown}
 n - a scroll of teleportation {unknown}
 o - a scroll of acquirement {unknown}
Potions
 d - 2 potions of curing {unknown}
 f - a potion of berserk rage {unknown}
 h - 2 potions of lignification {unknown}
 i - 3 potions of brilliance {unknown}
 k - a potion of mutation {unknown}
 m - a potion of magic {unknown}


   Skills:
 + Level 4.0 Fighting
 * Level 2.3 Long Blades
 - Level 4.4 Polearms
 + Level 4.9 Dodging
 + Level 3.2 Stealth


You had 3 spell levels left.
You didn't know any spells.
Your spell library contained the following spells:

 Spells                   Type           Power      Damage    Failure   Level
 Dazzling Flash           Conj/Hex       0%         N/A       77%         3
 Iskenderun's Mystic Bla  Conj/Tloc      0%         2d3       99%         4
 Starburst                Conj/Fire      0%         6d3       100%        6


Dungeon Overview and Level Annotations

Branches:
Dungeon (2/15)

Altars:

Annotations:
D:2 Natasha


Innate Abilities, Weirdness & Mutations

((You are very nimble when in or above water. (Stealth+, EV+, Speed+++)))
Your lower body shifts to a powerful aquatic tail in water.


Message History

Natasha claws you!
You hit Natasha.
Natasha is heavily wounded.
Natasha zaps a wand.
The bolt of light misses you.
You hit Natasha.
Natasha is severely wounded.
You closely miss Natasha.
Natasha is severely wounded.
Natasha mumbles some strange words.
You hit Natasha but do no damage.
Natasha is severely wounded.
Natasha zaps a wand.
The bolt of light hits you!
You are too injured to fight recklessly!
You are too injured to fight recklessly!
You are too injured to fight recklessly!
You are too injured to fight recklessly!
You are too injured to fight recklessly!
You are too injured to fight recklessly!
You are too injured to fight recklessly!
You are too injured to fight recklessly!
You are too injured to fight recklessly!
You are too injured to fight recklessly!
You are too injured to fight recklessly!
You are too injured to fight recklessly!
You hit Natasha but do no damage.
Natasha is severely wounded.
Natasha misses you.
You barely miss Natasha.
Natasha is severely wounded.
The crimson imp hits you. Natasha misses you.
You closely miss Natasha.
Natasha is severely wounded.
The crimson imp hits you but does no damage.
Natasha closely misses you.
You miss Natasha.
Natasha is severely wounded.
The crimson imp blinks!
Natasha zaps a wand.
The bolt of light hits you!!
You are confused.
Ouch! That really hurt!
You die...

#######.....## #.# #. ##....####
#.# #. ##......# #.# #. ####
###.##.###########.# #. ...#
####.##.#...........# ## ##.#
#....##...(..########
##.#####.#####.......############
...##.......##...................
..###.#####.##..@h...############
#.# #.# #.###5.§..## ..# #.#
#........####### #.# #.#
#.##.....<.....# #### #.#
#.#####.##.#.#######.## #...
#.###..)....##.#.#######..# #.##
#......#.#####.#..........# #.#
#.######.#####.##.........# #.#
#.#......#...#.##....♣♣..## #.#


You could see Natasha and a crimson imp (summoned).

Vanquished Creatures
  Natasha (twice) (D:2)
  2 gnolls (D:1)
  A worm (D:2)
  A dart slug (D:1)
  4 ball pythons
  6 bats
  5 endoplasms
  2 goblins (D:1)
  A hobgoblin (D:1)
  4 jackals (D:1)
  3 frilled lizards
  4 kobolds
  3 rats (D:1)
38 creatures vanquished.

Notes
Turn   | Place    | Note
-------+----------+-------------------------------------------
     0 | D:1      | Anon1729 the Merfolk Monk began the quest for the Orb.
     0 | D:1      | Reached XP level 1. HP: 18/18 MP: 1/1
     1 | D:1      | Noticed an electric eel
   191 | D:1      | Reached XP level 2. HP: 24/24 MP: 2/2
   411 | D:1      | Reached XP level 3. HP: 29/29 MP: 3/3
   649 | D:1      | Reached skill level 1 in Long Blades
  1571 | D:2      | Reached XP level 4. HP: 22/37 MP: 4/4
  1704 | D:2      | Noticed Natasha
  1715 | D:2      | Killed Natasha
  1792 | D:2      | Noticed Natasha
  1805 | D:2      | Killed Natasha
  1938 | D:2      | Noticed Natasha
  1958 | D:2      | Killed from afar by Natasha

Illustrated notes

Levels and vault maps discovered:
D:1:      arrival_aquarium_a, layout_loops_ring, serial_forest,
          infiniplex_forest_lined_3, infiniplex_forest_clump_tiny,
          infiniplex_forest_clump_diagonal, infiniplex_forest_clump_small,
          infiniplex_forest_straight_2, infiniplex_forest_straight_2,
          infiniplex_forest_straight_4
D:2:      layout_loops_ring, chequers_garden, uniq_natasha

Skill      XL: |  1  2  3  4 |
---------------+-------------+-----
Long Blades    | 1 2 |  2.3
Stealth        | 3 |  3.2
Fighting       | 4 |  4.0
Polearms       | |  4.4
Dodging        | |  4.9

Action                   |  1- 3 |  4- 6 || total
-------------------------+-------+-------++-------
Melee: Spear             |   131 |    30 ||   161
       Punch             |     1 |       ||     1
  Use: Potion            |     1 |       ||     1
 Stab: Sleeping          |    10 |     1 ||    11
Armor: Robe              |    14 |     2 ||    16
Dodge: Dodged            |    53 |    12 ||    65

Table legend: (Time is in decaauts)
 A = Elapsed time spent in this place.
 B = Non-inter-level travel time spent in this place.
 C = Inter-level travel time spent in this place.
 D = Time resting spent in this place.
 E = Time spent auto-exploring this place.
 F = Levels seen in this place.
 G = Mean time per level.
                   A        B        C        D        E       F      G
               +--------+--------+--------+--------+--------+-----+--------+
         Total |   1938 |   1902 |     36 |    136 |   1473 |   2 |  969.0 |
       Dungeon |   1938 |   1902 |     36 |    136 |   1473 |   2 |  969.0 |
               +--------+--------+--------+--------+--------+-----+--------+

Top non-repeatable levels by time:
     D:1: 1039 daAuts
     D:2: 898 daAuts
